 Dungeon Crawl Stone Soup version 0.27.1-3-gb3d3a73c9e (webtiles) character file.

Game seed: 12038216170641658059

951 Turgor the Firebug (level 7, -8/46 HPs)
             Began as a Demonspawn Fire Elementalist on Oct 23, 2021.
             Was an Initiate of Sif Muna.
             Mangled by a two-headed ogre (28 damage)
             ... on level 4 of the Dungeon.
             The game lasted 00:35:55 (4432 turns).

Turgor the Firebug (Demonspawn Fire Elementalist)   Turns: 4432, Time: 00:35:57

Health: -8/46      AC:  3    Str:  9    XL:     7   Next: 90%
Magic:  5/14       EV: 12    Int: 18    God:    Sif Muna [......]
Gold:   47         SH:  0    Dex: 13    Spells: 8/16 levels left

rFire    . . .     SeeInvis +   f - +1 short sword
rCold    . . .     Faith    .   (no shield)
rNeg     . . .     Spirit   .   a - +0 robe
rPois    .         Reflect  .   (no helmet)
rElec    .         Harm     .   (no cloak)
rCorr    .         Rampage  .   (no gloves)
Will     +....                  h - +0 pair of boots
Stlth    ++........             (no amulet)
HPRegen  0.15/turn              j - ring of see invisible
MPRegen  0.14/turn              l - ring of willpower

@: studying Bows
A: claws 2, foul stench 1, powered by death 2
a: Renounce Religion


You were on level 4 of the Dungeon.
You worshipped Sif Muna.
Sif Muna was noncommittal.
You visited 2 branches of the dungeon, and saw 5 of its levels.
You also visited: Sewer.

You collected 151 gold pieces.
You spent 104 gold pieces at shops.

Inventory:

Hand Weapons
 f - a +1 short sword (weapon)
 i - a +0 dagger
Missiles
 k - 97 stones
 m - 9 poisoned darts
Armour
 a - a +0 robe (worn)
 b - a +1 ring mail of fire resistance
 h - a +0 pair of boots (worn)
Jewellery
 j - a ring of see invisible (left claw)
 l - a ring of willpower (right claw)
 u - a ring of resist corrosion
Wands
 s - a wand of digging (4)
Scrolls
 d - 2 scrolls of enchant weapon
 g - 2 scrolls of magic mapping {unknown}
 n - a scroll of amnesia {unknown}
 t - a scroll of fog
Potions
 c - 3 potions of magic
 e - 2 potions of curing
 o - a potion of mutation {unknown}
 p - a potion of brilliance {unknown}
 q - 2 potions of heal wounds
 r - 2 potions of flight


   Skills:
 - Level 1.7 Dodging
 - Level 1.7 Stealth
 + Level 5.1 Spellcasting
 + Level 5.2 Conjurations
 + Level 5.5 Fire Magic


You had 8 spell levels left.
You knew the following spells:

 Your Spells              Type           Power      Damage    Failure   Level
a - Foxfire               Conj/Fire      92%        2x1d8     1%          1
b - Conjure Flame         Conj/Fire      23%        6-21      4%          3
c - Beastly Appendage     Tmut           8%         N/A       13%         1
d - Stone Arrow           Conj/Erth      28%        3d8       14%         3

Your spell library contained the following spells:

 Spells                   Type           Power      Damage    Failure   Level
 Inner Flame              Hex/Fire       14%        N/A       13%         3
 Sticky Flame             Conj/Fire      23%        2d4       14%         4
 Wereblood                Tmut           4%         N/A       21%         2
 Gell's Gravitas          Tloc           2%         N/A       36%         3
 Spider Form              Tmut/Pois      2%         N/A       36%         3
 Teleport Other           Tloc           4%         N/A       36%         3
 Fireball                 Conj/Fire      11%        3d7       38%         5
 Animate Armour           Summ/Erth      8%         N/A       78%         4
 Dispersal                Tloc           2%         N/A       100%        6
 Lehudib's Crystal Spear  Conj/Erth      7%         10d3      100%        8


Dungeon Overview and Level Annotations

Branches:
Dungeon (4/15)             Temple (1/1) D:4           Sewer (visited)

Altars:
Ashenzari
Cheibriados
Dithmenos
Elyvilon
Fedhas
Gozag
Hepliaklqana
Kikubaaqudgha
Makhleb
Nemelex Xobeh
Qazlal
Ru
Sif Muna
Uskayaw
Xom
The Shining One

Shops:
D:2 (?


Innate Abilities, Weirdness & Mutations

You have very sharp fingernails.
You may rarely emit foul miasma when damaged in melee.
You regenerate health from kills.


Message History

You conjure some foxfire!
Casting: Foxfire (safe; 1% risk of failure)
Confirm with . or Enter, or press ? or * to list all spells.
You conjure some foxfire!
The foxfire hits the two-headed ogre!
The two-headed ogre is lightly wounded.
Unknown command.
Casting: Foxfire (safe; 1% risk of failure)
Confirm with . or Enter, or press ? or * to list all spells.
The fire begins to smoulder!
Your foxfire dissipates!
Casting: Conjure Flame (dangerous; 4% risk of failure)
Confirm with . or Enter, or press ? or * to list all spells.
You conjure some foxfire!
You smother the flame.
Your foxfire dissipates!
The foxfire hits the two-headed ogre but does no damage.
The two-headed ogre is lightly wounded.
Casting: Foxfire (safe; 1% risk of failure)
Confirm with . or Enter, or press ? or * to list all spells.
You conjure some foxfire!
The foxfire hits the two-headed ogre.
The two-headed ogre is moderately wounded.
The foxfire hits the two-headed ogre.
The two-headed ogre is moderately wounded.
The foxfire hits the two-headed ogre.
The two-headed ogre is moderately wounded.
Casting: Foxfire (safe; 1% risk of failure)
Confirm with . or Enter, or press ? or * to list all spells.
You conjure some foxfire!
The foxfire hits the two-headed ogre.
The two-headed ogre is heavily wounded.
The foxfire hits the two-headed ogre.
The two-headed ogre is heavily wounded.
Items here: )) [ ††.
Casting: Foxfire (safe; 1% risk of failure)
Confirm with . or Enter, or press ? or * to list all spells.
You conjure some foxfire!
The two-headed ogre hits you with a +0 giant club!!
Ouch! That really hurt!
The two-headed ogre hits you with a +0 giant club!!
Ouch! That really hurt!
You die...

### ######### ..#
#...)...## # #.# #......#
####.# #.#
#.###O)###.##.#### #.#
##.#.#...@v.........###.##
#......#)v#......##.......
#..#.###).##...#.######.#.
#..#......###.##........#.
#........## #.# #########.
#.######## #.# #. #.#
##'## ####. #.# ##...##
#.<.. #.##### ##.....##
#.###


You could see a two-headed ogre (ally target).

Vanquished Creatures
  Grinder (D:3)
  Sigmund (D:2)
  Edmund (D:4)
  An orc warrior (D:4)
  A kobold brigand (Sewer)
  A jelly (D:4)
  A hound (D:4)
  A centaur zombie (D:4)
  An orc priest (D:4)
  Natasha (thrice) (D:2)
  4 adders
  A river rat (Sewer)
  An adder skeleton (D:3)
  4 orcs
  10 bats
  5 endoplasms
  A giant cockroach (D:2)
  3 goblins
  7 hobgoblins
  4 jackals
  2 quokkas
  5 ball pythons
  3 frilled lizards (D:1)
  7 kobolds
  7 rats
76 creatures vanquished.

Vanquished Creatures (others)
  235 foxfires
235 creatures vanquished.

Grand Total: 311 creatures vanquished

Notes
Turn   | Place    | Note
-------+----------+-------------------------------------------
     0 | D:1      | Turgor the Demonspawn Fire Elementalist began the quest for
                  | the Orb.
     0 | D:1      | Reached XP level 1. HP: 13/13 MP: 3/3
   250 | D:1      | Gained mutation: You may rarely emit foul miasma when
                  | damaged in melee. [demonic ancestry]
   250 | D:1      | Reached XP level 2. HP: 19/19 MP: 0/5
   300 | D:1      | Found a faded altar of an unknown god.
  1033 | D:2      | Found Pits's Magic Scroll Boutique.
  1044 | D:2      | Bought a scroll of identify for 26 gold pieces
  1196 | D:2      | Gained mutation: You have sharp fingernails. [demonic
                  | ancestry]
  1196 | D:2      | Reached XP level 3. HP: 24/24 MP: 2/6
  1247 | D:2      | Noticed Sigmund
  1406 | D:2      | Noticed Natasha
  1426 | D:2      | Killed Natasha
  1432 | D:2      | Noticed Natasha
  1699 | D:2      | Found Jezxetib's Antique Weapon Boutique.
  1940 | D:3      | Noticed Grinder
  1949 | D:3      | Learned a level 3 spell: Conjure Flame
  1967 | D:3      | Reached XP level 4. HP: 30/30 MP: 4/8
  1980 | D:3      | Found a hazy altar of Hepliaklqana.
  2022 | D:3      | Found an opulent altar of Gozag.
  2214 | D:3      | Killed Grinder
  2215 | D:3      | Gained mutation: You regenerate a little health from kills.
                  | [demonic ancestry]
  2215 | D:3      | Reached XP level 5. HP: 35/35 MP: 8/10
  2215 | D:3      | Gained mutation: You regenerate health from kills. [demonic
                  | ancestry]
  2215 | D:3      | Reached XP level 6. HP: 41/41 MP: 8/11
  2281 | D:4      | Found a staircase to the Ecumenical Temple.
  2293 | D:4      | Noticed a two-headed ogre
  2580 | D:4      | Found a blossoming altar of Fedhas.
  2655 | D:4      | Found a glowing drain.
  2660 | D:4      | Noticed an orc warrior
  2675 | D:4      | Killed an orc warrior
  2688 | Sewer    | Entered a sewer
  2967 | Sewer    | Gained mutation: You have very sharp fingernails. [demonic
                  | ancestry]
  2967 | Sewer    | Reached XP level 7. HP: 46/46 MP: 5/13
  3207 | D:4      | Learned a level 1 spell: Beastly Appendage
  3436 | D:4      | Noticed Edmund
  3481 | Temple   | Entered the Ecumenical Temple
  3555 | Temple   | Became a worshipper of Sif Muna the Loreminder
  3779 | D:2      | Killed Natasha
  3839 | D:2      | Noticed Natasha
  3848 | D:2      | Killed Natasha
  3934 | D:2      | Reached skill level 5 in Fire Magic
  3939 | D:2      | Killed Sigmund
  4030 | D:2      | Bought a scroll of fog for 26 gold pieces
  4030 | D:2      | Bought a scroll of identify for 26 gold pieces
  4031 | D:2      | Bought a scroll of identify for 26 gold pieces
  4174 | D:4      | Learned a level 3 spell: Stone Arrow
  4201 | D:4      | Killed Edmund
  4202 | D:4      | Reached skill level 5 in Spellcasting
  4202 | D:4      | Reached skill level 5 in Conjurations
  4432 | D:4      | Mangled by a two-headed ogre

Illustrated notes

Levels and vault maps discovered:
D:1:      heliophobic_arrival_henge, layout_basic,
          ebering_ecumenical_altar_sacrificial
D:2:      layout_rooms, serial_shops, nicolae_shop_stone, shop, uniq_natasha,
          uniq_sigmund
D:3:      layout_rooms, nicolae_hepliaklqana_hazy_memory,
          mainiacjoe_overflow_paths, uniq_grinder
D:4:      layout_loops_corners, mainiacjoe_overflow_boulevard, temple_pool_b,
          cheibrodos_sewer_entry_sluice, minmay_manual_mail, uniq_edmund
Temple:   dshaligram_water_room_temple

Skill      XL: |  1  2  3  4  5  6  7 |
---------------+----------------------+-----
Fire Magic     | 3 4 5 |  5.5
Conjurations   | 2 3 4 5 |  5.2
Spellcasting   | 3 4 5 |  5.1
Dodging        | |  1.7
Stealth        | |  1.7

Action                   |  1- 3 |  4- 6 |  7- 9 || total
-------------------------+-------+-------+-------++-------
Melee: Short sword       |     9 |    32 |     7 ||    48
 Cast: Foxfire           |    60 |    40 |    35 ||   135
       Conjure Flame     |       |     1 |     2 ||     3
       Stone Arrow       |       |       |     1 ||     1
Evoke: Wand              |     2 |     4 |       ||     6
  Use: Scroll            |     4 |       |     2 ||     6
       Potion            |     2 |     1 |     2 ||     5
 Stab: Paralysed         |       |     9 |       ||     9
Armor: Robe              |     5 |     9 |       ||    14
Dodge: Dodged            |    11 |    33 |     4 ||    48
